 Dungeon Crawl Stone Soup version 0.30-a0-137-gd8773701ce (webtiles) character file.

Game seed: 2605057555202921496

4 spaghetti the Caller (level 1, -3/11 HPs)
             Began as an Octopode Summoner on Sept 22, 2022.
             Frozen to death by an endoplasm (5 damage)
             ... on level 1 of the Dungeon.
             The game lasted 00:00:37 (167 turns).

spaghetti the Caller (Octopode Summoner)             Turns: 167, Time: 00:00:38

Health: -3/11      AC:  1    Str:  7    XL:     1   Next: 60%
Magic:  3/3        EV: 13    Int: 17    God:
Gold:   8          SH:  0    Dex: 12    Spells: 3/4 levels left

rFire   . . .      SeeInvis .    (no weapon)
rCold   . . .      Faith    .    (no shield)
rNeg    . . .      Spirit   .    (helmet restricted)
rPois   .          Reflect  .    (no amulet)
rElec   .          Harm     .    (no ring)
rCorr   .          Rampage  .    (no ring)
Will    .....                    (no ring)
Stlth   +++.......               (no ring)
HPRegen 0.03/turn                (no ring)
MPRegen 0.08/turn                (no ring)
                                 (no ring)
                                 (no ring)

@: no status effects
A: almost no armour, amphibious, 8 rings, camouflage 1, gelatinous body 1,
(nimble swimmer 1), tentacles
a: no special abilities


You were on level 1 of the Dungeon.
You visited 1 branch of the dungeon, and saw 1 of its levels.

You collected 8 gold pieces.


Innate Abilities, Weirdness & Mutations

You cannot wear most types of armour.
You are amphibious.
You can wear up to eight rings at the same time.
Your skin changes colour to match your surroundings (Stealth+).
Your rubbery body absorbs attacks. (AC +1, EV +1)
((You are camouflaged when in or above water. (Stealth+)))
You have tentacles for arms and can constrict up to eight enemies at once.


   Skills:
 + Level 2.2 Dodging
 - Level 2.6 Stealth
 - Level 2.0 Spellcasting
 + Level 4.1 Summonings


You had 3 spell levels left.
You knew the following spells:

 Your Spells              Type           Power      Damage    Failure   Level
a - Summon Small Mammal   Summ           60%        N/A       3%          1

Your spell library contained the following spells:

 Spells                   Type           Power      Damage    Failure   Level
 Call Imp                 Summ           15%        N/A       5%          2
 Call Canine Familiar     Summ           15%        N/A       11%         3
 Shock                    Conj/Air       4%         1d3       19%         1
 Summon Guardian Golem    Hex/Summ       8%         N/A       26%         3
 Swiftness                Air            1%         N/A       50%         3
 Summon Lightning Spire   Summ/Air       8%         N/A       63%         4
 Airstrike                Air            0%         2d(1-17)  88%         4

Inventory:

Hand Weapons
 c - a +0 dagger {short}
   (You took it off a goblin on level 1 of the Dungeon)
Missiles
 b - 5 stones {throwing}
Potions
 a - a potion of magic

Dungeon Overview and Level Annotations

Branches:
Dungeon (1/15) Zot: 5832

Altars:

#...................#
#
#...†..######.#####.#
........# #.#### ...
.####..##
#.#...###### ....#
#.###...# ####.# #.#
##..# ... ## ##.._#
... #...## #.#@##
#..J>..# #.#.##.#
#.#.# # . #!# ## #.#
... ..#


You could see an endoplasm.


Message History

You are too injured to fight recklessly!
You are too injured to fight recklessly!
You are too injured to fight recklessly!
You tentacle-slap the bat. Your grab misses the bat. The bat barely misses you.
You closely miss the bat. You grab the bat. You squeeze the bat.
You kill the bat!
You see here a bat corpse.
You swap places.
You swap places.
You see here a bat corpse.
Your quokka disappears in a puff of smoke!
You swap places.
Your quokka disappears in a puff of smoke!
You see here a bat corpse.
Key pressed, stopping explore.
You pick up a book of Air and begin reading...
You add the spells Shock, Swiftness and Airstrike to your library. 😎 HP[+1] MP[+2]
Your hp is fully restored (11).
Your mp is fully restored (3).
A goblin comes into view. It is wielding a +0 dagger.
The goblin shouts!
A goblin is nearby!
You tentacle-slap the goblin. Your grab misses the goblin.
Your squeeze misses the goblin. The goblin misses you.
You closely miss the goblin. You grab the goblin. You constrict the goblin.
The goblin hits you with a +0 dagger. 😕 HP[-2]
You take 2 damage, and now have 9/11 hp.
You are too injured to fight recklessly!
You are too injured to fight recklessly!
You are too injured to fight recklessly!
You are too injured to fight recklessly!
You are too injured to fight recklessly!
You are too injured to fight recklessly!
You are too injured to fight recklessly!
You tentacle-slap the goblin. You constrict the goblin.
You kill the goblin!
c - a +0 dagger {short} You see here a goblin corpse.
Okay, then.
Found a faded altar of an unknown god.
You now have 8 gold pieces. 😎 HP[+2]
Your hp is fully restored (11).
A hobgoblin comes into view.
A hobgoblin is nearby!
A hobgoblin is nearby!
An endoplasm comes into view.
The hobgoblin hits you. 😮 HP[-3]
You take 3 damage, and now have 8/11 hp.
MASSIVE DAMAGE!! (PAUSE) Really attack while wielding nothing? [Y]es or [N]o only, please.
Really attack while wielding nothing? [Y]es or [N]o only, please.
Really attack while wielding nothing?
You barely miss the hobgoblin. You grab the hobgoblin.
You constrict the hobgoblin. The hobgoblin completely misses you.
You tentacle-slap the hobgoblin but do no damage.
You tentacle-slap the hobgoblin, but do no damage.
You squeeze the hobgoblin.
You constrict the hobgoblin, but do no damage.
The hobgoblin hits you.
* * * LOW HITPOINT WARNING * * *
😨 HP[-5]
You take 5 damage, and now have 3/11 hp.
MASSIVE DAMAGE!! (PAUSE)
You barely miss the hobgoblin. You tentacle-slap the hobgoblin.
You kill the hobgoblin!
Unknown command.
Press: ? - help, . - travel You can't see that place. [a faded altar of an unknown god.]
An endoplasm comes into view.
There is a faded altar of an unknown god here.
Unknown command.
Press < or > to pray at altars.
Unknown command.
Press < or > to pray at altars.
Found a stone staircase leading down.
The helpless endoplasm fails to defend itself.
You tentacle-slap the endoplasm but do no damage.
The endoplasm barely misses you.
You tentacle-slap the endoplasm. The endoplasm closely misses you.
You tentacle-slap the endoplasm but do no damage.
You squeeze the endoplasm, but do no damage.
The endoplasm misses you.
You tentacle-slap the endoplasm but do no damage.
The endoplasm closely misses you.
You tentacle-slap the endoplasm but do no damage.
The endoplasm freezes you.
You are frozen.
* * * LOW HITPOINT WARNING * * *
😱 HP[-1]
You take 1 damage, and now have 2/11 hp.
You tentacle-slap the endoplasm. Your squeeze misses the endoplasm.
The endoplasm freezes you.
You are frozen.
You die...

Action                   || total
-------------------------++-------
Melee: Unarmed           ||    14
       Constrict         ||     3
       Tentacles         ||     3
       Punch             ||     2
 Cast: Summon Small Mamm ||     2
 Stab: Sleeping          ||     1
Armor: Skin              ||     2
Dodge: Dodged            ||    10

Levels and vault maps discovered:
D:1:      shiori_shiawase, layout_loops_cross, basic_ecumenical_altar

Notes
Turn   | Place    | Note
-------+----------+-------------------------------------------
     0 | D:1      | spaghetti the Octopode Summoner began the quest for the
                  | Orb.
     0 | D:1      | Reached XP level 1. HP: 11/11 MP: 3/3
     0 | D:1      | magus.rc [v1.9.6]
    68 | D:1      | You pick up a book of Air and begin reading...
    68 | D:1      | You add the spells Shock, Swiftness and Airstrike to your
                  | library.
   134 | D:1      | Found a faded altar of an unknown god.
   166 | D:1      | HP: 2/11 [frozen (2)]
   167 | D:1      | Frozen to death by an endoplasm

Vanquished Creatures
  A bat (D:1)
  A goblin (D:1)
  A hobgoblin (D:1)
3 creatures vanquished.

Table legend:
 A = Non-vault XP
 B = Vault XP
 C = Vault XP percentage of total XP
 D = Non-vault monster count
 E = Vault monster count
 F = Vault count percentage of total count
                 A         B        C        D         E       F
            +---------+---------+-------+---------+---------+-------
      Total |       6 |       0 |   0.0 |       3 |       0 |   0.0
            +---------+---------+-------+---------+---------+-------
        D:1 |       6 |       0 |   0.0 |       3 |       0 |   0.0
            +---------+---------+-------+---------+---------+-------

Illustrated notes

Table legend:
 A = Kills in this place as a percentage of kills in entire the game.
 B = Kills by you in this place as a percentage of kills by you in the entire game.
 C = Kills by friends in this place as a percentage of kills by friends in the entire game.
 D = Other kills in this place as a percentage of other kills in the entire game.
 E = Experience gained in this place as a percentage of experience gained in the entire game.
 F = Experience gained in this place divided by the number of levels of this place that you have seen.
                   A       B       C       D       E      F
               +-------+-------+-------+-------+-------+----------------------
         Total | 100.0 | 100.0 |   N/A |   N/A | 100.0 |   6.0
       Dungeon | 100.0 | 100.0 |   N/A |   N/A | 100.0 |   6.0
               +-------+-------+-------+-------+-------+----------------------

Table legend: (Time is in decaauts)
 A = Elapsed time spent in this place.
 B = Non-inter-level travel time spent in this place.
 C = Inter-level travel time spent in this place.
 D = Time resting spent in this place.
 E = Time spent auto-exploring this place.
 F = Levels seen in this place.
 G = Mean time per level.
                   A        B        C        D        E       F      G
               +--------+--------+--------+--------+--------+-----+--------+
         Total |    167 |    160 |      7 |      0 |    119 |   1 |  167.0 |
       Dungeon |    167 |    160 |      7 |      0 |    119 |   1 |  167.0 |
               +--------+--------+--------+--------+--------+-----+--------+

Top non-repeatable levels by time:
     D:1: 167 daAuts
